 Dungeon Crawl Stone Soup version 0.21.1-1-g345015fe64 (webtiles) character file.

91 Gedi the Skirmisher (level 4, -3/41 HPs)
             Began as a Minotaur Fighter on June 18, 2018.
             Slain by Grinder (5 damage)
             ... on level 3 of the Dungeon.
             The game lasted 00:03:42 (1530 turns).

Gedi the Skirmisher (Minotaur Fighter)              Turns: 1530, Time: 00:03:42

Health: -3/41      AC:  9    Str: 22    XL:     4   Next: 34%
Magic:  3/3        EV:  5    Int:  5    God:
Gold:   129        SH:  9    Dex:  9    Spells: 3/3 levels left

rFire    . . .     SeeInvis .   a - +0 long sword
rCold    . . .     Gourm    .   c - +0 shield
rNeg     . . .     Faith    .   e - +0 chain mail
rPois    .         Spirit   .   (helmet restricted)
rElec    .         Reflect  .   (no cloak)
rCorr    .         Harm     .   (no gloves)
MR       .....                  (no boots)
Stlth    ..........             (no amulet)
HPRegen  0.13/turn              (no ring)
MPRegen  0.08/turn              (no ring)

@: no status effects
A: retaliatory headbutt, horns 2
a: no special abilities


You were on level 3 of the Dungeon.
You were not hungry.

You visited 1 branch of the dungeon, and saw 3 of its levels.

You collected 129 gold pieces.

Inventory:

Hand Weapons
 a - a +0 long sword (weapon)
Armour
 c - a +0 shield (worn)
 e - a +0 chain mail (worn)
Jewellery
 b - a cursed +2 ring of strength {unknown}
Scrolls
 i - a scroll of remove curse {unknown}
 j - a scroll of fear {unknown}
 m - a scroll of identify {unknown}
 q - a scroll of enchant armour {unknown}
 s - a scroll of teleportation {unknown}
Potions
 d - a potion of might
 h - a potion of brilliance {unknown}
 k - 2 potions of curing {unknown}
 l - a potion of berserk rage {unknown}
 n - a potion of flight {unknown}
 o - a potion of invisibility {unknown}
 p - a potion of heal wounds {unknown}
 r - a potion of ambrosia {unknown}
Comestibles
 f - 6 rations
 g - a chunk of flesh


   Skills:
 + Level 4.4 Fighting
 + Level 3.5 Long Blades
 + Level 4.4 Armour
 + Level 4.3 Shields


You had 3 spell levels left.
You didn't know any spells.

Dungeon Overview and Level Annotations

Branches:
Dungeon (3/15)

Altars:
Dithmenos
Yredelemnul

Annotations:
D:3 Grinder


Innate Abilities, Weirdness & Mutations

You reflexively headbutt those who attack you in melee.
You have a pair of horns on your head.


Message History

Grinder blinks!
You block Grinder's attack.
You hit Grinder but do no damage.
Grinder is heavily wounded.
Grinder hits you!
* * * LOW HITPOINT WARNING * * *
You barely miss Grinder.
Grinder is heavily wounded.
Grinder gestures at you. Pain shoots through your body!
* * * LOW HITPOINT WARNING * * *
You closely miss Grinder.
Grinder is heavily wounded.
Grinder hits you but does no damage.
You hit Grinder.
Grinder is heavily wounded.
Grinder hits you.
* * * LOW HITPOINT WARNING * * *
Grinder hits you.
You die...

..[..#.#
#....(....#
######.#
#.#######.# #.#
#.# ..#.#### #.#
#.# #.#....# #.#
#.# #)####.# #.#
#.# #.# #.# #.#
#.#.###.####.#
#.###.#....5.....#
#.....#####@######
####### #.# #.#
#.# #.# #.# #.#
..# #.#


You could see Grinder.

Vanquished Creatures
  2 adders
  2 oozes (D:2)
  A dart slug (D:2)
  A worm (D:2)
  A leopard gecko (D:1)
  A ball python (D:2)
  5 bats
  4 giant cockroaches
  7 goblins
  11 hobgoblins
  4 jackals
  8 kobolds
  A quokka (D:2)
  2 frilled lizards
  2 rats (D:2)
52 creatures vanquished.

Notes
Turn   | Place    | Note
-------+----------+-------------------------------------------
     0 | D:1      | Gedi the Minotaur Fighter began the quest for the Orb.
     0 | D:1      | Reached XP level 1. HP: 19/19 MP: 0/0
    36 | D:1      | Reached XP level 2. HP: 15/27 MP: 1/1
   565 | D:1      | Reached XP level 3. HP: 33/33 MP: 2/2
   727 | D:2      | Found a basalt altar of Yredelemnul.
  1113 | D:2      | Reached XP level 4. HP: 40/40 MP: 3/3
  1333 | D:3      | Found a shadowy altar of Dithmenos.
  1504 | D:3      | Noticed Grinder
  1517 | D:3      | Paralysed by Grinder for 2 turns
  1530 | D:3      | HP: 2/41 [Grinder (2)]
  1530 | D:3      | Slain by Grinder

Skill      XL: |  1  2 |
---------------+-------+-----
Fighting       | 4 |  4.4
Armour         | 4 |  4.4
Shields        | 4 |  4.3
Long Blades    | 3 |  3.5

Action                   |  1- 3 |  4- 6 || total
-------------------------+-------+-------++-------
Melee: Long sword        |   112 |    51 ||   163
       Headbutt          |    10 |     4 ||    14
  Eat: Chunk             |     1 |     1 ||     2
Armor: Scale mail        |     2 |       ||     2
       Chain mail        |    64 |    43 ||   107
Dodge: Dodged            |    29 |    11 ||    40
Block: Shield            |    69 |    31 ||   100
       Rpst.: Long sword |    14 |     2 ||    16
